 Dungeon Crawl Stone Soup version 0.30-a0-1016-gfb0d676c02 (webtiles) character file.

Game seed: 5909786485525410600

11 Arcadio the Sneak (level 2, 22/22 HPs)
             Began as a Vampire Brigand on Apr 6, 2023.
             Was a Follower of Vehumet.
             Quit the game on level 1 of the Dungeon.
             The game lasted 00:01:16 (270 turns).

Arcadio the Sneak (Vampire Brigand)                  Turns: 270, Time: 00:01:17

Health: 22/22      AC:  3    Str: 10    XL:     2   Next: 17%
Magic:  2/2        EV: 12    Int: 13    God:    Vehumet [*.....]
Gold:   18         SH:  0    Dex: 15    Spells: 1/1 levels left

rFire   . . .      SeeInvis +    a - +2 dagger
rCold   . . .      Faith    .    (no shield)
rNeg    . . .      Spirit   .    b - +0 robe
rPois   .          Reflect  .    (no helmet)
rElec   .          Rampage  .    c - +0 cloak
rCorr   .                        (no gloves)
Will    .....                    (no boots)
Stlth   +++                      (no amulet)
HPRegen 0.43/turn                f - ring of wizardry
MPRegen 0.08/turn                (no ring)

@: healing quickly
A: alive, fangs 3, see invisible, vampiric 1
a: Exsanguinate, Renounce Religion


You were on level 1 of the Dungeon.
You worshipped Vehumet.
Vehumet was aware of your devotion.
You visited 1 branch of the dungeon, and saw 1 of its levels.

You collected 18 gold pieces.

Inventory:

Hand Weapons
 a - a +2 dagger (weapon)
Missiles
 d - 11 poisoned darts (quivered)
 e - 3 curare-tipped darts
Armour
 b - a +0 robe (worn)
 c - a +0 cloak (worn)
Jewellery
 f - a ring of wizardry (left hand)
Scrolls
 g - a scroll of amnesia {unknown}


   Skills:
 + Level 2.1 Fighting
 + Level 2.5 Short Blades
 - Level 1.5 Throwing
 - Level 1.1 Dodging
 + Level 6.1 Stealth


You had one spell level left.
You didn't know any spells.
Your spell library was empty.

Dungeon Overview and Level Annotations

Branches:
Dungeon (1/15) Zot: 5732

Altars:
Vehumet


Innate Abilities, Weirdness & Mutations

Your natural rate of healing is accelerated.
You have razor-sharp teeth.
You have supernaturally acute eyesight. (SInv)
You are afflicted with vampirism.


Message History

The goblin shouts!
The ball python misses you. The ball python constricts you.
You hit the ball python.
You kill the ball python!
The hobgoblin barely misses you.
You hit the hobgoblin.
You kill the hobgoblin!
You have reached level 2!
You hit the quokka.
The quokka is moderately wounded.
The quokka bites you.
You completely miss the quokka.
The quokka is moderately wounded.
The quokka misses you.
You hit the quokka but do no damage. You bite the quokka.
You kill the quokka!
You hit the goblin.
The goblin is heavily wounded.
The goblin hits you but does no damage.
You closely miss the goblin.
The goblin is heavily wounded.
The goblin barely misses you.
You closely miss the goblin.
The goblin is heavily wounded.
The goblin hits you with a +0 club.
You hit the goblin.
You kill the goblin!
Things that are here:
a +0 club; a goblin corpse You see here a hobgoblin corpse.
Found a viscous brown potion.
There is a faded altar of an unknown god here.
This altar belongs to (a) Ignis, (b) Jiyva or (c) Vehumet, but you can't tell which.
Press the corresponding letter to learn more about a god, or press enter to convert or escape to cancel.
Vehumet accepts your prayer! Vehumet welcomes you!
You can now gain magical power from killing.
Vehumet offers you knowledge of Shock.
Unknown command.
Press < or > to pray at altars.
Are you sure you want to abandon this character and quit the game? (Confirm with "yes".)

#.......# ...
#(......####..#
#....).#......!
#.#.#.†.......
#..†###...###
#...#G#...#G#
##..###...###.#
##...........#.
###########.....@.......
.......................#
.###..####..###...###.##
........##..#G#...#G#
####..#.##..###...###
...#..#.##... ......
##.#..#.############
#....#.# ####.#.#


You could see a great orb of eyes, an eye of devastation (asleep), a floating
eye (asleep) and a golden eye (asleep).

Vanquished Creatures
  A dart slug (D:1)
  An endoplasm (D:1)
  A hobgoblin (D:1)
  A quokka (D:1)
  2 ball pythons (D:1)
  2 goblins (D:1)
  2 rats (D:1)
10 creatures vanquished.

Notes
Turn   | Place    | Note
-------+----------+-------------------------------------------
     0 | D:1      | Arcadio the Vampire Brigand began the quest for the Orb.
     0 | D:1      | Reached XP level 1. HP: 16/16 MP: 1/1
   236 | D:1      | Found a faded altar of an unknown god.
   237 | D:1      | Noticed a floating eye
   238 | D:1      | Noticed a great orb of eyes
   245 | D:1      | Reached skill level 6 in Stealth
   251 | D:1      | Reached XP level 2. HP: 22/22 MP: 2/2
   264 | D:1      | Noticed an eye of devastation
   264 | D:1      | Noticed a golden eye
   269 | D:1      | Prayed at the altar of an unknown god.
   269 | D:1      | Became a worshipper of Vehumet
   269 | D:1      | Reached * piety under Vehumet
   269 | D:1      | Offered knowledge of Shock by Vehumet.
   270 | D:1      | Quit the game

Illustrated notes

Levels and vault maps discovered:
D:1:      sevenhm_arrival_forest_fort_large_2, layout_basic,
          hellmonk_ecumenical_altar_watching_god, st_stairs_14

Skill      XL: |  1 |
---------------+----+-----
Fighting       | 2 |  2.1
Stealth        | 6 |  6.1
Short Blades   | |  2.5
Throwing       | |  1.5
Dodging        | |  1.1

Action                     || total
---------------------------++-------
  Melee: Dagger            ||    22
         Bite              ||     1
   Stab: Sleeping          ||     3
 Armour: Robe              ||     3
  Dodge: Dodged            ||     8

Table legend: (Time is in decaauts)
 A = Elapsed time spent in this place.
 B = Non-inter-level travel time spent in this place.
 C = Inter-level travel time spent in this place.
 D = Time resting spent in this place.
 E = Time spent auto-exploring this place.
 F = Levels seen in this place.
 G = Mean time per level.
                   A        B        C        D        E       F      G
               +--------+--------+--------+--------+--------+-----+--------+
         Total |    267 |    267 |      0 |      0 |    200 |   1 |  267.0 |
       Dungeon |    267 |    267 |      0 |      0 |    200 |   1 |  267.0 |
               +--------+--------+--------+--------+--------+-----+--------+

Top non-repeatable levels by time:
     D:1: 267 daAuts
